Map: World of Sleepers LE

Players

Reynor

  • Race: Zerg Zerg
  • Spawn Location: 1:00

herO - Winner!

  • Race: Protoss Protoss
  • Spawn Location: 7:00

Event: 2019 WCS Global FInals

VOD

Have the link to the VOD?

Description

Time

  • Played on: Oct. 26, 2019, 12:56 a.m.
  • Length: 15:45

All games in this series

Show
View Real Time Build Order
Export as new Build Order

Reynor Zerg 

Build Orders: Hatch First 

Get SALT Encoding   

  12  0:00  Drone  
  13  0:12  Overlord  
  13  0:17  Drone  
  14  0:31  Drone x2  
  16  0:47  Hatchery  
  15  0:51  Drone  
  15  0:55  Drone  
  17  0:58  Drone  
  18  1:09  Extractor  
  17  1:14  Spawning Pool  
  17  1:17  Drone  
  17  1:20  Drone  
  18  1:28  Drone  
  19  1:38  Drone  
  20  1:49  Overlord  
  20  2:00  Queen x2  
  20  2:01  Zergling x4  
  26  2:10  Drone x2  
  28  2:21  Drone x2  
  30  2:31  Hatchery  
  30  2:33  Drone x2  
  30  2:37  Pneumatized Carapace  
  31  2:42  Drone  
  31  2:44  Overlord  
  32  2:53  Drone  
  32  2:54  Drone  
  32  2:58  Queen  
  34  3:00  Metabolic Boost  
  34  3:04  Drone x2  
  38  3:09  Zergling x2  
  38  3:11  Overlord  
  39  3:13  Zergling x2  
  39  3:16  Drone  
  39  3:18  Drone  
  42  3:25  Overlord  
  42  3:28  Drone  
  43  3:36  Queen  
  43  3:37  Overlord  
  43  3:39  Drone  
  46  3:44  Spore Crawler, Drone x3  
  46  3:47  Spore Crawler  
  43  3:48  Drone  
  43  3:50  Drone x2  
  48  3:56  Spore Crawler  
  48  3:57  Zergling x2  
  48  4:00  Zergling x2  
  49  4:05  Spore Crawler  
  49  4:06  Zergling x4  
  49  4:09  Spore Crawler  
  49  4:11  Drone  
  49  4:14  Drone  
  49  4:15  Drone  
  52  4:17  Drone  
  52  4:18  Drone  
  52  4:21  Overlord  
  52  4:23  Drone  
  55  4:26  Drone x2  
  55  4:27  Drone  
  56  4:32  Drone x3  
  56  4:38  Drone x3  
  62  4:41  Drone  
  62  4:45  Queen  
  65  4:49  Roach Warren  
  65  4:52  Drone  
  65  4:54  Drone  
  65  4:55  Drone x3  
  65  4:59  Overlord  
  69  5:07  Overlord  
  69  5:08  Drone  
  69  5:09  Drone x2, Lair  
  69  5:11  Evolution Chamber  
  69  5:13  Extractor, Unknown  
  69  5:14  Overlord  
  69  5:25  Queen  
  71  5:29  Overlord  
  71  5:30  Roach x3  
  71  5:34  Drone x2  
  78  5:35  Roach  
  78  5:40  Drone x2  
  78  5:41  Drone  
  78  5:42  Roach  
  83  5:44  Extractor  
  83  5:45  Roach  
  83  5:46  Queen  
  83  5:49  Roach x2  
  90  5:51  Overlord x2  
  90  5:55  Overlord  
  88  6:04  Zerg Missile Weapons Level 1  
  88  6:05  Roach  
  88  6:09  Roach x3  
  88  6:10  Drone x4  
  99  6:12  Overlord  
  99  6:18  Glial Reconstitution  
  98  6:20  Overlord, Drone x2  
  98  6:21  Drone x2  
  98  6:23  Drone x2, Extractor  
  98  6:25  Overlord  
  103  6:31  Roach x2  
  107  6:33  Overlord  
  107  6:34  Overseer  
  107  6:37  Roach  
  109  6:43  Overlord  
  107  6:48  Roach x2  
  107  6:49  Roach x5  
  107  6:52  Overlord  
  107  6:53  Drone  
  122  7:00  Roach x3  
  128  7:07  Overlord  
  128  7:14  Drone x2, Hatchery  
  131  7:15  Roach  
  131  7:16  Roach x2  
  131  7:19  Roach  
  131  7:20  Roach  
  139  7:23  Overlord  
  139  7:25  Roach x2  
  139  7:26  Roach  
  139  7:29  Roach x2  
  149  7:32  Ravager x4  
  149  7:34  Ravager x3  
  149  7:35  Roach  
  158  7:37  Roach  
  158  7:39  Roach  
  158  7:41  Overlord  
  162  7:44  Ravager  
  162  7:46  Zergling x6, Roach  
  162  7:51  Ravager  
  167  7:52  Roach x2, Zergling x4  
  173  8:00  Roach x3, Zergling x4  
  173  8:01  Ravager  
  182  8:12  Baneling Nest, Zerg Melee Weapons Level 1  
  178  8:14  Drone x4  
  178  8:15  Drone x3  
  178  8:18  Roach  
  184  8:22  Zergling x2  
  184  8:23  Zergling x2  
  184  8:25  Overlord  
  186  8:27  Roach x3  
  186  8:32  Overlord  
  192  8:35  Overlord  
  192  8:39  Overlord  
  192  8:42  Overlord  
  192  8:45  Zergling x10  
  192  8:46  Ravager x3  
  200  8:51  Overlord  
  200  8:52  Evolution Chamber, Zergling x2  
  200  8:55  Centrifical Hooks  
  200  8:58  Infestation Pit  
  199  9:03  Zergling x2  
  199  9:06  Spine Crawler  
  199  9:08  Spine Crawler x2  
  197  9:10  Ravager x2  
  197  9:11  Ravager  
  193  9:24  Zergling x14  
  198  9:31  Baneling x12  
  198  9:32  Zergling x6  
  195  9:38  Zergling x2  
  195  9:39  Zergling x12  
  195  9:44  Baneling x10  
  187  9:46  Baneling x8, Zergling x2  
  187  9:47  Zergling x8  
  187  9:49  Zergling x6  
  192  9:53  Zergling x4  
  184  10:00  Zergling x2  
  184  10:01  Zergling x2  
  184  10:04  Zergling x8  
  184  10:06  Zergling x2  
  160  10:09  Queen  
  160  10:10  Queen  
  160  10:12  Zergling x2  
  138  10:18  Zergling x4  
  129  10:23  Zergling x6  
  129  10:24  Roach x3  
  129  10:26  Zergling x4  
  129  10:27  Zergling x2  
  120  10:30  Zergling x6  
  120  10:35  Zerg Melee Weapons Level 2  
  110  10:37  Roach  
  110  10:39  Zergling x4  
  114  10:43  Hatchery  
  114  10:47  Roach  
  114  10:49  Roach  
  114  10:52  Ravager  
  114  10:53  Ravager x2  
  114  10:54  Drone x2  
  114  10:55  Drone x2, Hive  
  121  11:01  Roach x2, Zergling x4  
  127  11:08  Baneling x8  
  127  11:09  Drone x3  
  130  11:14  Zergling x4  
  130  11:19  Zergling x2  
  130  11:25  Baneling x4  
  131  11:26  Ravager x4  
  131  11:31  Roach x2, Zergling x6  
  131  11:32  Zergling x4  
  140  11:35  Baneling x3  
  140  11:36  Baneling  
  140  11:39  Zergling x2  
  143  11:40  Zergling x4  
  143  11:42  Zergling x2  
  143  11:47  Roach  
  145  11:51  Zergling x2  
  145  11:52  Baneling  
  145  11:53  Baneling x11  
  144  11:55  Zergling x2  
  144  11:56  Zergling x4  
  141  12:02  Zergling x6  
  141  12:04  Baneling x5  
  141  12:06  Zergling x2  
  144  12:08  Zergling x2  
  144  12:17  Roach  
  144  12:20  Baneling x11  
  144  12:22  Zergling x2  
  145  12:23  Ravager x2  
  145  12:24  Ravager  
  145  12:27  Zergling x6  
  151  12:32  Zergling x2  
  151  12:33  Zergling x2  
  152  12:38  Baneling x6  
  152  12:39  Zergling x4  
  152  12:42  Zergling x2  
  155  12:48  Hatchery  
  155  12:49  Zergling x2  
  155  12:56  Zergling x12  
  161  13:03  Spire  
  160  13:07  Zergling x8  
  164  13:14  Zergling x6, Roach  
  164  13:15  Zergling x2  
  168  13:23  Zergling x2  
  168  13:24  Zergling x6  
  163  13:28  Zergling x10  
  163  13:29  Zergling x2  
  168  13:39  Zergling x6  
  168  13:40  Zergling x2  
  168  13:41  Ravager x2  
  173  13:44  Roach, Zergling x6  
  177  13:50  Extractor  
  177  13:53  Extractor, Zergling x4  
  177  13:59  Baneling  
  177  14:00  Baneling x3  
  177  14:01  Zergling x12, Roach  
  182  14:04  Baneling x2  
  135  14:19  Zergling x14  
  135  14:21  Zergling x2  
  135  14:23  Greater Spire  
  136  14:24  Baneling x7  
  136  14:30  Zergling x12  
  142  14:39  Drone x2  
  142  14:48  Baneling x11  
  142  14:51  Drone  
  143  14:59  Corruptor x4  
  148  15:03  Baneling x4  
  146  15:10  Roach, Zergling x10  
  146  15:11  Corruptor  
  137  15:15  Zergling x8  
  137  15:18  Zergling x4  
  135  15:25  Zergling x8  
  135  15:27  Ravager  
Show
View Real Time Build Order
Export as new Build Order

herO Protoss - Winner!

Build Orders: 1 Gate Expand, Oracle Opening, Archon Immortal, Archon Drop 

Get SALT Encoding   

  12  0:00  Probe  
  13  0:12  Probe  
  14  0:17  Pylon  
  14  0:24  Probe (Chrono Boost)  
  14  0:27  Assimilator  
  15  0:37  Probe (Chrono Boost)  
  16  0:43  Probe (Chrono Boost)  
  16  0:47  Gateway  
  17  0:51  Probe  
  18  1:03  Probe  
  19  1:16  Probe  
  20  1:23  Nexus  
  20  1:34  Cybernetics Core  
  20  1:37  Probe  
  21  1:43  Assimilator  
  21  1:49  Probe  
  21  1:52  Pylon  
  22  2:01  Probe  
  23  2:10  Warp Gate  
  23  2:11  Stalker  
  23  2:13  Probe (Chrono Boost)  
  26  2:20  Stargate  
  26  2:25  Probe (Chrono Boost)  
  27  2:35  Probe (Chrono Boost)  
  29  2:37  Probe (Chrono Boost)  
  29  2:41  Zealot  
  33  2:44  Probe (Chrono Boost)  
  33  2:45  Probe (Chrono Boost)  
  33  2:49  Probe (Chrono Boost)  
  33  2:53  Probe  
  35  3:01  Oracle (Chrono Boost)  
  35  3:05  Probe x2  
  40  3:09  Gateway  
  40  3:12  Pylon  
  40  3:17  Probe x2  
  42  3:29  Probe x2  
  42  3:30  Oracle (Chrono Boost)  
  42  3:33  Assimilator  
  47  3:35  Assimilator  
  47  3:39  Robotics Facility  
  48  3:41  Probe  
  48  3:52  Probe (Chrono Boost)  
  48  3:53  Probe (Chrono Boost)  
  50  3:59  Twilight Council, Pylon  
  50  4:02  Probe (Chrono Boost)  
  52  4:04  Probe (Chrono Boost)  
  52  4:07  Probe  
  53  4:13  Probe  
  53  4:16  Gateway x2  
  54  4:19  Probe  
  55  4:25  Pylon  
  55  4:35  Pylon  
  55  4:37  Templar Archives  
  55  4:39  Warp Prism (Chrono Boost)  
  57  4:47  Gateway  
  57  4:49  Probe  
  57  4:50  Gateway, Probe  
  58  5:13  Nexus  
  58  5:15  Pylon, High Templar  
  58  5:16  High Templar x3  
  58  5:19  Forge  
  58  5:20  Archon x2  
  66  5:23  Probe  
  66  5:24  Pylon, Probe  
  66  5:25  Observer (Chrono Boost)  
  69  5:36  Probe x2  
  69  5:37  Immortal (Chrono Boost)  
  69  5:40  Charge  
  69  5:41  Protoss Ground Weapons Level 1 (Chrono Boost)  
  75  5:46  Shield Battery  
  75  5:48  Probe x2  
  77  5:55  Pylon  
  77  6:00  Observer  
  77  6:01  Probe  
  77  6:02  Probe  
  78  6:12  Immortal (Chrono Boost)  
  78  6:13  Zealot, Sentry  
  78  6:17  Sentry  
  88  6:22  Probe  
  88  6:23  Probe  
  90  6:25  Sentry  
  90  6:26  Pylon, Zealot  
  90  6:32  Probe  
  95  6:35  Probe x2  
  97  6:40  Unknown  
  97  6:42  Immortal (Chrono Boost)  
  97  6:46  Probe  
  97  6:47  Probe x2  
  103  6:49  Pylon  
  103  6:50  Robotics Facility  
  103  6:51  Pylon  
  104  6:59  Probe x2  
  104  7:00  Pylon, Probe  
  107  7:14  Immortal (Chrono Boost), Zealot x4, Sentry  
  118  7:25  Photon Cannon  
  118  7:26  Photon Cannon  
  118  7:29  Photon Cannon  
  118  7:30  Protoss Ground Weapons Level 2 (Chrono Boost)  
  118  7:31  Pylon x2  
  118  7:36  Immortal (Chrono Boost)  
  122  7:48  Immortal (Chrono Boost)  
  122  7:50  Shield Battery x2  
  126  7:52  High Templar x2  
  126  7:53  Zealot  
  126  7:56  Archon  
  126  7:57  Zealot  
  138  8:15  Immortal (Chrono Boost)  
  138  8:19  Pylon  
  138  8:20  Pylon, High Templar x2  
  138  8:21  Zealot x2  
  138  8:25  Immortal (Chrono Boost)  
  138  8:27  Gateway x2, Archon  
  150  8:34  Zealot  
  152  8:42  Gateway  
  152  8:43  Gateway, Zealot, High Templar x2  
  152  8:45  Immortal (Chrono Boost)  
  162  8:51  Archon  
  166  8:55  Immortal  
  166  9:04  Zealot, Sentry x2  
  166  9:08  Pylon x2  
  166  9:09  Pylon x2  
  168  9:25  Immortal  
  168  9:26  Nexus  
  171  9:37  Sentry  
  171  9:38  Zealot, Sentry x3  
  179  9:39  Zealot  
  179  9:45  Immortal  
  183  9:54  Zealot x2  
  183  9:55  Zealot x2  
  187  10:04  Immortal  
  159  10:07  Zealot x2  
  159  10:12  Zealot x2  
  159  10:13  Zealot x2  
  127  10:24  Immortal (Chrono Boost)  
  127  10:27  Zealot  
  127  10:28  Zealot x4  
  108  10:40  High Templar x4  
  112  10:48  Nexus, Archon x2  
  112  10:49  Zealot x3, Sentry  
  120  10:59  Immortal (Chrono Boost)  
  124  11:05  High Templar x2  
  124  11:09  Pylon  
  128  11:18  Zealot x2  
  132  11:23  Zealot x4, High Templar x2  
  132  11:24  Archon  
  141  11:42  Zealot x4  
  149  11:48  Zealot  
  149  11:49  Zealot x3  
  157  12:01  Archon  
  153  12:03  Observer, Zealot x6  
  161  12:08  High Templar  
  161  12:09  High Templar x3  
  161  12:13  Archon x2  
  169  12:18  Immortal x2 (Chrono Boost)  
  177  12:36  Zealot x4, High Templar x2  
  189  12:41  Psionic Storm  
  189  12:43  Archon  
  189  13:05  Nexus  
  189  13:08  Pylon  
  189  13:13  High Templar x3  
  189  13:16  Pylon  
  189  13:17  Zealot  
  197  13:30  Photon Cannon  
  197  13:32  Photon Cannon, High Templar x2  
  199  13:34  Photon Cannon  
  199  13:35  Shield Battery  
  199  13:37  Shield Battery  
  199  13:40  Assimilator  
  199  13:44  Assimilator  
  199  14:08  Archon  
  198  14:13  Archon  
  198  14:14  Immortal (Chrono Boost)  
  198  14:15  Immortal (Chrono Boost)  
  184  14:21  Zealot, High Templar x4  
  184  14:22  Zealot x4  
  190  14:50  Zealot, High Templar x2  
  190  14:51  Nexus, Zealot x2  
  192  15:07  Archon  
  188  15:18  Zealot x6  
  192  15:24  Zealot  
  192  15:25  Zealot x2  
  186  15:39  Archon  
Tags
 
Add a new tag
Caveats
  • Supply blocks, unpowered buildings, or Contaminate may cause inaccurate times.
  • Supply counts are checked every 10 seconds.